 Dungeon Crawl Stone Soup version 0.19-a0-1886-gd64a0f0 (webtiles) character file.

141 dobroeutro the Cudgeler (level 5, -1/32 HPs)
             Began as a Gargoyle Fighter on Oct 16, 2016.
             Slain by an orc
             ... wielding a +0 war axe of freezing
              (3 damage)
             ... on level 3 of the Dungeon.
             The game lasted 00:02:54 (2306 turns).

dobroeutro the Cudgeler (Gargoyle Fighter)          Turns: 2306, Time: 00:02:56

Health: -1/32      AC: 10    Str: 20    XL:     5   Next: 24%
Magic:  0/5        EV:  7    Int:  9    God:
Gold:   157        SH:  8    Dex:  7    Spells: 0 memorised, 4 levels left

rFire  . . .     SeeInvis .     q - +2 mace (holy)
rCold  . . .     Gourm    .     b - +0 scale mail
rNeg   + . .     Faith    .     c - +0 shield
rPois  ∞         Spirit   +     (no helmet)
rElec  +         Dismiss  .     (no cloak)
rCorr  .         Reflect  .     (no gloves)
MR     .....     Harm     .     (no boots)
Stlth  ..........               p - amulet of guardian spirit
                                (no ring)
                                m - -2 ring of dexterity (curse)

@: no status effects
A: negative energy resistance 1, electricity resistance, unbreathing,
petrification resistance, rot immunity, AC +4
a: no special abilities


You were on level 3 of the Dungeon.
You were hungry.

You visited 1 branch of the dungeon, and saw 3 of its levels.

You collected 157 gold pieces.

Inventory:

Hand Weapons
 a - a +0 flail
 q - a +2 mace of holy wrath (weapon)
Armour
 b - a +0 scale mail (worn)
 c - a +0 shield (worn)
Jewellery
 m - a cursed -2 ring of dexterity (left hand)
 p - an amulet of guardian spirit (around neck)
Wands
 t - a wand of random effects (18/48)
 v - a wand of polymorph (6/24)
Scrolls
 g - 5 scrolls of identify {unknown}
 i - a scroll of blinking {unknown}
 j - a scroll of random uselessness {unknown}
 k - a scroll of recharging {unknown}
 l - a scroll of fear {unknown}
Potions
 d - a potion of might
 e - a potion of magic {unknown}
 h - 3 potions of curing {unknown}
 o - a potion of brilliance {unknown}
 s - a potion of heal wounds {unknown}
 u - a potion of degeneration {unknown}
Comestibles
 f - 3 bread rations
 n - 2 slices of pizza
 r - a beef jerky


   Skills:
 - Level 3.2 Fighting
 + Level 5.2 Maces & Flails
 - Level 3.2 Armour
 - Level 3.2 Shields


You had 4 spell levels left.
You didn't know any spells.

Dungeon Overview and Level Annotations

Branches:
Dungeon (3/15)

Altars:
Nemelex Xobeh


Innate Abilities, Weirdness & Mutations

You are resistant to torment.
Your stone body is resilient. (AC +4)
You are immune to poison.
You resist negative energy. (rN+)
You are resistant to electric shocks. (rElec)
You can survive without breathing.
You are immune to petrification.
You are immune to rotting.


Message History

The orc freezes you.
You hit the orc priest.
The orc priest is severely wounded.
The orc priest hits you but does no damage.
The orc hits you but does no damage. You block the orc's attack.
You sock the orc priest!
You kill the orc priest!
Your Maces & Flails skill increases to level 5!
You have reached level 5!
You block the orc's attack. The orc hits you but does no damage.
You hit the orc but do no damage.
The orc is moderately wounded.
The orc hits you but does no damage. The orc barely misses you.
You hit the orc.
The orc is almost dead.
You block the orc's attack.
The orc hits you with a war axe of freezing.
* * * LOW HITPOINT WARNING * * *
The orc freezes you.
You die...

######## #####....##.
##...##. ####.....)
#........# #########
#.........
........#####........# ..
..####................
...
###..###..###.........
...##....@o##.#
#...)....#
...$...##)o...#
###.#...## ...... ##....#
##.#.#.## .....o# ##....#
##....#.##
#.....##.....###...###...
#. #o.(o..##.#.....# ##..
# ###..###..#.....# ##..
..####.(..#.....###...
....................#


You could see 2 orcs.

Vanquished Creatures
  2 orc priests (D:3)
  An ooze (D:3)
  3 dart slugs
  2 leopard geckos
  4 orcs (D:3)
  A ball python (D:2)
  5 giant cockroaches
  4 goblins
  6 hobgoblins
  7 jackals
  2 quokkas (D:2)
  7 bats
  2 frilled lizards (D:1)
  7 kobolds
  10 rats
63 creatures vanquished.

Notes
Turn   | Place    | Note
-------+----------+-------------------------------------------
     0 | D:1      | dobroeutro the Gargoyle Fighter began the quest for the Orb.
     0 | D:1      | Reached XP level 1. HP: 14/14 MP: 1/1
   117 | D:1      | Reached XP level 2. HP: 7/19 MP: 2/2
   511 | D:1      | Reached skill level 3 in Maces & Flails
   702 | D:1      | Reached XP level 3. HP: 23/23 MP: 3/3
  1480 | D:2      | Found a sparkling altar of Nemelex Xobeh.
  1588 | D:2      | Reached skill level 4 in Maces & Flails
  1733 | D:2      | You fall through a shaft!
  1757 | D:3      | Reached XP level 4. HP: 27/28 MP: 4/4
  1773 | D:3      | Found a faded altar of an unknown god.
  2304 | D:3      | Reached skill level 5 in Maces & Flails
  2304 | D:3      | Reached XP level 5. HP: 6/32 MP: 1/5
  2306 | D:3      | Slain by an orc

Vault maps used:
D:1:      dpeg_arrival_stonehenge_8_columns, minmay_rat_gold_closets
D:2:      nemelex_lonely_heart_becter
D:3:      minitemple, first_bread, ecumenical_altar_1, minmay_misc_feat_iff

Skill      XL: |  1  2  3  4 |
---------------+-------------+-----
Maces & Flails | 3 4 5 |  5.2
Fighting       | |  3.2
Armour         | |  3.2
Shields        | |  3.2

Action                   |  1- 3 |  4- 6 || total
-------------------------+-------+-------++-------
Melee: Flail             |   130 |       ||   130
       Mace              |    43 |    70 ||   113
  Eat: Chunk             |     2 |     2 ||     4
Armor: Scale mail        |    94 |    45 ||   139
Dodge: Dodged            |    55 |    26 ||    81
Block: Shield            |    94 |    55 ||   149
